AoeStats
← nonoleboss

Pilgrims

507707394Analyzed
4v4 RM · 13d ago on Sep 19, 2026· 48m 30s· 8 players
Game mode
Random Map
Map size
Large (8 player)
Population
200
Speed
Normal
Resources
Standard
Victory
Conquest
Starting age
Dark Age
Ending age
Imperial Age
RankedLock teamsTeams togetherTeam positionsShared explorationLock speedFull tech treeHidden civsTurbo modeCheats
Victory
Defeat
🇨🇳 Vietnamese · China
1387
+14
🇦🇷 Italians · Argentina
1350
+15
🇦🇺 Italians · Australia
1336
+16
🇹🇼 Japanese · Taiwan
1280
+18
🇨🇳 Persians · China
1383
-19
1368
-17
🇫🇷 Armenians · France
1290
-14
🇮🇪 Huns · Ireland
1272
-13
Railbuilder
6:18 Loom
11:21 Feudal Age
14:52 Town Watch
17:29 Castle Age
17:46 Fletching
18:43 Bodkin Arrow
18:43 Double-Bit Axe
18:40 Fishing Lines
19:10 Medium Warships
26:27 Bow Saw
30:04 Careening
30:55 Clinker Construction
34:16 Fishing Lines
38:59 Imperial Age
37:24 Masonry
40:20 Demolition Ship
42:20 Gillnets
45:13 Heavy Warships
44:57 Caravan
48:20 Two-Man Saw
48:54 Wheelbarrow
BocaJuniorsElMasGrande
13:32 Feudal Age
11:50 Loom
17:30 Castle Age
17:39 Double-Bit Axe
18:07 Town Watch
20:33 Fletching
21:30 Bow Saw
21:16 Bodkin Arrow
27:42 Imperial Age
26:31 Masonry
26:18 Gold Mining
27:20 Padded Archer Armor
29:10 Bracer
29:43 Leather Archer Armor
29:23 Horse Collar
30:46 Ballistics
31:26 Chemistry
33:14 Two-Man Saw
33:10 Ring Archer Armor
38:09 Elite Genoese Crossbowman
39:27 Hoardings
40:15 Wheelbarrow
39:45 Heavy Plow
39:36 Stone Mining
40:25 Scale Mail Armor
40:35 Forging
40:57 Crop Rotation
41:36 Chain Mail Armor
41:25 Pikeman
42:06 Squires
41:51 Arson
42:46 Iron Casting
42:45 Squires
42:30 Arson
scl5724
7:49 Loom
14:45 Feudal Age
19:41 Castle Age
19:02 Fishing Lines
19:47 Fletching
20:46 Horse Collar
20:46 Crossbowman
22:03 Double-Bit Axe
25:34 Wheelbarrow
28:28 Pikeman
30:09 Scale Mail Armor
32:53 Chain Mail Armor
37:53 Imperial Age
36:07 Forging
38:01 Halberdier
43:54 Hand Cart
46:06 Squires
47:55 Plate Mail Armor
48:58 Iron Casting
825889483
4:40 Loom
12:13 Feudal Age
16:17 Castle Age
14:55 Fletching
20:47 Wheelbarrow
22:23 Bodkin Arrow
26:38 Town Watch
27:08 Scale Mail Armor
32:17 Chain Mail Armor
dr Kurwa mać i do przodu
14:54 Feudal Age
13:10 Loom
15:38 Town Watch
19:14 Castle Age
19:23 Wheelbarrow
23:54 Fishing Lines
29:59 Imperial Age
pmathews11
11:40 Feudal Age
12:31 Double-Bit Axe
12:37 Fishing Lines
13:32 Bloodlines
14:35 Scale Barding Armor
14:40 Forging
19:59 Castle Age
17:54 Stone Mining
17:55 Gold Mining
20:56 Loom
21:18 Husbandry
23:36 Fletching
25:48 Gold Shaft Mining
29:43 Chain Barding Armor
31:22 Wheelbarrow
34:42 Imperial Age
33:20 Bodkin Arrow
34:01 Iron Casting
36:08 Plate Barding Armor
36:37 Blast Furnace
35:42 Horse Collar
38:33 Conscription
39:54 Elite Tarkan
44:22 Hand Cart
45:32 Elite Skirmisher
Les Choristes
7:09 Loom
13:05 Feudal Age
14:25 Double-Bit Axe
18:19 Castle Age
16:31 Fishing Lines
19:18 Bow Saw
21:19 Wheelbarrow
21:03 Medium Warships
23:20 Horse Collar
25:02 Heavy Plow
26:04 Gillnets
30:02 Gold Mining
31:43 Forging
31:39 Scale Barding Armor
32:12 Gold Shaft Mining
31:29 Stone Mining
34:52 Imperial Age
33:23 Iron Casting
33:46 Chain Barding Armor
33:27 Husbandry
33:38 Bloodlines
34:15 Hand Cart
35:37 Conscription
34:39 Cavalier
36:21 Blast Furnace
36:55 Plate Barding Armor
37:32 Savar
41:14 Capped Ram
42:58 Fletching
43:09 Padded Archer Armor
44:24 Bodkin Arrow
45:39 Leather Archer Armor
47:26 Ring Archer Armor
46:37 Crossbowman
47:22 Thumb Ring
47:45 Parthian Tactics
48:46 Ballistics
49:27 Chemistry
nonoleboss
5:43 Loom
13:13 Feudal Age
18:39 Castle Age
17:35 Fletching
20:31 Medium Warships
23:07 Scale Mail Armor
Connection lost

Rejoining the realm…

Still unreachable

The connection could not be restored.

Session expired

The server has moved on; the page needs a fresh start.